 Dungeon Crawl Stone Soup version 0.23-a0-456-gc514d67198 (webtiles) character file.

147 Esekla the Fighter (level 5, -2/51 HPs)
             Began as a Gnoll Wanderer on Nov 25, 2018.
             Slain by a crocodile (16 damage)
             ... in a sewer.
             The game lasted 00:13:44 (1151 turns).

Esekla the Fighter (Gnoll Wanderer)                 Turns: 1151, Time: 00:13:45

Health: -2/51      AC:  9    Str: 12    XL:     5   Next: 29%
Magic:  7/7        EV: 12    Int: 15    God:
Gold:   121        SH:  0    Dex: 17    Spells: 6/6 levels left

rFire    + . .     SeeInvis .   a - +2 short sword
rCold    . . .     Gourm    .   (no shield)
rNeg     + . .     Faith    .   j - +3 ring mail {rN+}
rPois    .         Spirit   .   (no helmet)
rElec    .         Reflect  .   (no cloak)
rCorr    .         Harm     .   n - +0 pair of gloves
MR       .....                  (no boots)
Stlth    +.........             (no amulet)
HPRegen  0.17/turn              m - ring of protection from fire
MPRegen  0.10/turn              (no ring)

@: no status effects
A: distributed training, fangs 1, strong nose
a: no special abilities


You were in a sewer.
You were not hungry.

You visited 1 branch of the dungeon, and saw 3 of its levels.
You also visited: Sewer.

You collected 121 gold pieces.

Inventory:

Hand Weapons
 a - a +2 short sword (weapon)
Armour
 j - a +3 ring mail of positive energy (worn)
 n - a +0 pair of gloves (worn)
Jewellery
 m - a ring of protection from fire (left hand)
Scrolls
 b - 3 scrolls of teleportation
 e - 4 scrolls of remove curse
 i - 2 scrolls of enchant armour
 o - a scroll of noise
 r - a scroll of fear {unknown}
Potions
 f - a potion of resistance {unknown}
 g - a potion of lignification {unknown}
 k - 4 potions of brilliance
 l - a potion of curing {unknown}
 p - a potion of invisibility {unknown}
Comestibles
 d - 2 rations


   Skills:
 + Level 8.6 Fighting
 + Level 4.7 Short Blades
 + Level 1.4 Long Blades
 + Level 1.4 Axes
 + Level 2.9 Maces & Flails
 + Level 1.4 Polearms
 + Level 1.4 Staves
 + Level 1.4 Slings
 + Level 1.4 Bows
 + Level 1.4 Crossbows
 + Level 1.4 Throwing
 + Level 1.4 Armour
 + Level 2.9 Dodging
 + Level 1.4 Stealth
 + Level 4.7 Shields
 + Level 1.4 Unarmed Combat
 + Level 1.4 Spellcasting
 + Level 1.1 Conjurations
 + Level 1.1 Hexes
 + Level 1.1 Charms
 + Level 1.1 Summonings
 + Level 1.1 Necromancy
 + Level 1.1 Translocations
 + Level 1.1 Transmutations
 + Level 1.1 Fire Magic
 + Level 1.1 Ice Magic
 + Level 1.1 Air Magic
 + Level 1.1 Earth Magic
 + Level 1.1 Poison Magic
 + Level 1.5 Invocations
 + Level 1.4 Evocations


You had 6 spell levels left.
You didn't know any spells.
Your spell library was empty.

Dungeon Overview and Level Annotations

Branches:
Dungeon (3/15)

Altars:


Innate Abilities, Weirdness & Mutations

Your experience applies equally to all skills.
You have very sharp teeth.
Your uncanny sense of smell can sniff out nearby items.


Message History

The crocodile bites you!
You hit the crocodile.
The crocodile is severely wounded.
The crocodile bites you but does no damage.
You hit the crocodile but do no damage.
The crocodile is severely wounded.
The crocodile misses you.
You hit the crocodile.
The crocodile is severely wounded.
The crocodile bites you!
You barely miss the crocodile.
The crocodile is severely wounded.
You hit the crocodile.
The crocodile is severely wounded.
The crocodile bites you.
* * * LOW HITPOINT WARNING * * *
You barely miss the crocodile. You bite the crocodile.
The crocodile is severely wounded.
The crocodile bites you!
You die...

#..≈..#
#≈..≈≈##
#.≈.#...#
#..###.≈##
#.≈. #≈..#
#≈≈# ##..#
#.≈ #≈.#
#. #..# #.
##@≈#
#.t.#
##≈.##
#.!.#
#.≈.≈.##
#≈≈.≈≈#
##.≈.##
#... ∆≈#.#
∆


You could see a crocodile.

Vanquished Creatures
  A centaur zombie (D:3)
  Natasha (D:2)
  An adder (D:2)
  5 worms
  A dart slug (D:2)
  A leopard gecko (D:2)
  3 orcs (D:3)
  A ball python (D:1)
  2 giant cockroaches (D:1)
  4 goblins
  4 hobgoblins
  11 jackals
  8 bats
  3 frilled lizards
  7 kobolds
  5 rats
58 creatures vanquished.

Notes
Turn   | Place    | Note
-------+----------+-------------------------------------------
     0 | D:1      | Esekla the Gnoll Wanderer began the quest for the Orb.
     0 | D:1      | Esekla set off with the following items: a +2 short sword,
                  | 2 scrolls of teleportation, a +0 robe, a ration
     0 | D:1      | Reached XP level 1. HP: 26/26 MP: 1/1
    93 | D:2      | Reached XP level 2. HP: 32/33 MP: 2/2
   380 | D:2      | Reached XP level 3. HP: 38/38 MP: 3/3
   543 | D:1      | Reached skill level 1 in Invocations
   682 | D:2      | Noticed Natasha
   691 | D:2      | Killed Natasha
   691 | D:2      | Reached skill level 1 in Long Blades
   691 | D:2      | Reached skill level 1 in Axes
   691 | D:2      | Reached skill level 1 in Polearms
   691 | D:2      | Reached skill level 1 in Staves
   691 | D:2      | Reached skill level 1 in Slings
   691 | D:2      | Reached skill level 1 in Bows
   691 | D:2      | Reached skill level 1 in Crossbows
   691 | D:2      | Reached skill level 1 in Throwing
   691 | D:2      | Reached skill level 1 in Armour
   691 | D:2      | Reached skill level 1 in Stealth
   691 | D:2      | Reached skill level 1 in Unarmed Combat
   691 | D:2      | Reached skill level 1 in Spellcasting
   691 | D:2      | Reached skill level 1 in Evocations
   691 | D:2      | Reached XP level 4. HP: 44/45 MP: 5/5
   821 | D:3      | Reached skill level 1 in Conjurations
   821 | D:3      | Reached skill level 1 in Hexes
   821 | D:3      | Reached skill level 1 in Charms
   821 | D:3      | Reached skill level 1 in Summonings
   821 | D:3      | Reached skill level 1 in Necromancy
   821 | D:3      | Reached skill level 1 in Translocations
   821 | D:3      | Reached skill level 1 in Transmutations
   821 | D:3      | Reached skill level 1 in Fire Magic
   821 | D:3      | Reached skill level 1 in Ice Magic
   821 | D:3      | Reached skill level 1 in Air Magic
   821 | D:3      | Reached skill level 1 in Earth Magic
   821 | D:3      | Reached skill level 1 in Poison Magic
   821 | D:3      | Reached XP level 5. HP: 31/51 MP: 6/6
   901 | D:3      | Found a glowing drain.
  1033 | Sewer    | Entered a sewer
  1128 | Sewer    | Noticed a crocodile
  1151 | Sewer    | Slain by a crocodile

Vault maps used:
D:1:      psy_arrival_statuary
D:2:      uniq_natasha
D:3:      cheibrodos_sewer_entry_drain, minmay_fractal_squares_gapless_5,
          uniq_robin
Sewer:    sewer_the_crocodile

Skill      XL: |  1  2  3  4 |
---------------+-------------+-----
Invocations    | 1 |  1.5
Long Blades    | 1 |  1.4
Axes           | 1 |  1.4
Polearms       | 1 |  1.4
Staves         | 1 |  1.4
Slings         | 1 |  1.4
Bows           | 1 |  1.4
Crossbows      | 1 |  1.4
Throwing       | 1 |  1.4
Armour         | 1 |  1.4
Stealth        | 1 |  1.4
Unarmed Combat | 1 |  1.4
Spellcasting   | 1 |  1.4
Evocations     | 1 |  1.4
Conjurations   | 1 |  1.1
Hexes          | 1 |  1.1
Charms         | 1 |  1.1
Summonings     | 1 |  1.1
Necromancy     | 1 |  1.1
Translocations | 1 |  1.1
Transmutations | 1 |  1.1
Fire Magic     | 1 |  1.1
Ice Magic      | 1 |  1.1
Air Magic      | 1 |  1.1
Earth Magic    | 1 |  1.1
Poison Magic   | 1 |  1.1
Fighting       | |  8.6
Short Blades   | |  4.7
Maces & Flails | |  2.9
Dodging        | |  2.9
Shields        | |  4.7

Action                   |  1- 3 |  4- 6 || total
-------------------------+-------+-------++-------
Melee: Short sword       |   110 |   125 ||   235
       Bite              |    10 |    18 ||    28
       Punch             |       |     3 ||     3
  Use: Scroll            |       |     6 ||     6
       Potion            |       |     1 ||     1
  Eat: Ration            |       |     1 ||     1
Armor: Robe              |     5 |       ||     5
       Ring mail         |    46 |    19 ||    65
Dodge: Dodged            |    76 |    40 ||   116

Table legend:
 A = Non-vault XP
 B = Vault XP
 C = Vault XP percentage of total XP
 D = Non-vault monster count
 E = Vault monster count
 F = Vault count percentage of total count
                 A         B        C        D         E       F
            +---------+---------+-------+---------+---------+-------
      Total |     156 |      54 |  25.7 |      49 |       9 |  15.5
            +---------+---------+-------+---------+---------+-------
        D:1 |      36 |       0 |   0.0 |      21 |       0 |   0.0
        D:2 |      49 |      35 |  41.7 |      18 |       1 |   5.3
        D:3 |      71 |      11 |  13.4 |      10 |       3 |  23.1
      Sewer |       0 |       8 | 100.0 |       0 |       5 | 100.0
            +---------+---------+-------+---------+---------+-------
